 Dungeon Crawl Stone Soup version 0.31.0-12-g77e489cdc1 (webtiles) character file.

Game seed: 18362256392336429522

3862 Marvel the Basher (level 10, -2/67 (94) HPs)
             Began as a Gargoyle Fighter on Feb 18, 2024.
             Was a Believer of Uskayaw.
             Slain by a spectral wolf (5 damage)
             ... on level 7 of the Dungeon.
             The game lasted 00:37:48 (9098 turns).

Marvel the Basher (Gargoyle Fighter)                Turns: 9098, Time: 00:37:48

HP:   -2/67 (94)    AC: 25    Str: 21 (24) XL:     10   Next: 18%
MP:   10/10         EV:  2    Int:  7 (9)  God:    Uskayaw [**....]
Gold: 110           SH:  5    Dex:  7 (9)  Spells: 9/9 levels left

rFire   + . .        p - +5 mace (freeze)
rCold   . . .        c - +1 buckler
rNeg    + . .        m - melded +0 plate armour
rPois   ∞            (helmet currently unavailable)
rElec   .            (cloak currently unavailable)
rCorr   .            (gloves currently unavailable)
SInv    +            (boots currently unavailable)
Will    .....        (no amulet)
Stlth   +            q - ring of protection from fire
HPRegen 0.31/turn    v - ring of see invisible
MPRegen 0.12/turn

%: clarity
@: tree-form, very heavily drained
A: stationary, stasis, torment immunity, boosted hp, sickness immunity, AC +7,
negative energy resistance 1, (electricity resistance), torment resistance 1,
petrification resistance, (antennae 1), clarity
a: Renounce Religion, Stomp, Line Pass


You were on level 7 of the Dungeon.
You worshipped Uskayaw.
Uskayaw was noncommittal.
You were a tree.
You visited 1 branch of the dungeon, and saw 9 of its levels.

You collected 322 gold pieces.
You spent 212 gold pieces at shops.

Inventory:

Hand Weapons
 a - a +0 flail of chaos
 d - a +1 dagger of protection
 e - a +4 battleaxe of freezing
 p - a +5 mace of freezing (weapon)
 x - a +2 dagger of holy wrath
 B - a +1 flail of venom
Missiles
 k - a curare-tipped dart
 o - 10 poisoned darts (quivered)
 F - a throwing net
Armour
 b - a +0 scale mail
 c - a +1 buckler (worn)
 m - a +0 plate armour (melded)
Jewellery
 f - a +6 ring of intelligence
 q - a ring of protection from fire (left branch)
 v - a ring of see invisible (right branch)
 z - a ring of resist corrosion
 G - a ring of fire
Wands
 t - a wand of roots (11)
Scrolls
 g - 6 scrolls of revelation
 h - a scroll of immolation
 l - 6 scrolls of identify
 n - a scroll of brand weapon
 r - a scroll of teleportation
 u - a scroll of fog
 A - 3 scrolls of enchant armour
Potions
 i - 3 potions of degeneration
 j - a potion of lignification
 s - a potion of magic
 w - a potion of curing
 C - 2 potions of enlightenment
 D - 2 potions of attraction
 E - a potion of resistance


   Skills:
 + Level 7.4 Fighting
 - Level 0.4(5.3) Axes
 + Level 9.4 Maces & Flails
 + Level 1.8 Throwing
 + Level 8.8 Armour
 - Level 0.2 Dodging
 + Level 6.4 Shields


You had 9 spell levels left.
You didn't know any spells.
Your spell library contained the following spells:

 Spells                   Type           Power      Damage    Failure   Level
 Kiss of Death            Conj/Necr      0%         2d5       50%         1
 Necrotise                Necr           0%         1d4       50%         1
 Frozen Ramparts          Ice            0%         1d1       86%         3
 Fugue of the Fallen      Necr           0%         N/A       86%         3
 Vampiric Draining        Necr           0%         2d6       86%         3
 Leda's Liquefaction      Alch/Erth      0%         N/A       99%         4
 Petrify                  Alch/Erth      0%         N/A       99%         4
 Metabolic Englaciation   Hex/Ice        0%         N/A       100%        5


Dungeon Overview and Level Annotations

Branches:
Dungeon (9/15)             Temple (0/1) D:7
   Lair: D:8-11         Orc: D:9-12

Altars:
Kikubaaqudgha
Trog
Uskayaw

Shops:
D:4 ((((   D:6 *

Annotations:
D:6 3 runed translucent doors, nitefall's ghost, novice MiBe
D:8 Erica; Grum


Innate Abilities, Weirdness & Mutations

You are a tree.
Your roots penetrate the ground, keeping you stationary.
You cannot be teleported.
You are immune to unholy pain and torment.
Your maximum health is greatly increased.
Your equipment is partially melded.
You are immune to sickness and miasma.
((Your stone body is resilient. (AC +7)))
You are immune to poison.
You resist negative energy. (rN+)
((You are resistant to electric shocks. (rElec)))
You are resistant to unholy torment.
You are immune to petrification.
((You have a pair of small antennae on your head.))
You possess an exceptional clarity of mind.


Message History

* * * LOW HITPOINT WARNING * * *
The spectral wolf bites you but does no damage.
The wolf barely misses you.
You closely miss the wolf.
The wolf is lightly wounded.
You block the wolf's attack. The spectral wolf bites you.
* * * LOW HITPOINT WARNING * * *
You block the wolf's attack.
You turn into a tree.
Your +0 plate armour melds into your body.
Your roots penetrate the ground.
The wolf bites you but does no damage.
The spectral wolf bites you but does no damage.
The wolf bites you.
* * * LOW HITPOINT WARNING * * *
The wolf bites you but does no damage. You block the spectral wolf's attack.
The wolf bites you but does no damage.
You miss the wolf.
The wolf is lightly wounded.
The wolf bites you.
* * * LOW HITPOINT WARNING * * *
You block the spectral wolf's attack. The wolf bites you but does no damage.
You closely miss the wolf.
The wolf is lightly wounded.
You block the wolf's attack.
The spectral wolf bites you but does no damage.
The wolf bites you but does no damage. x2
The spectral wolf bites you but does no damage.
You block the wolf's attack.
You hit the wolf but do no damage.
The wolf is lightly wounded.
The wolf bites you but does no damage.
The spectral wolf bites you but does no damage.
You block the wolf's attack. The wolf completely misses you.
You block the spectral wolf's attack. The wolf bites you but does no damage.
You barely miss the wolf.
The wolf is lightly wounded.
The wolf bites you.
* * * LOW HITPOINT WARNING * * *
The spectral wolf bites you.
You die...

.......#...##....## ##........###
..................###............
............#....)..........#....
##.........##....................
##............<.................#
##....................♣.........
##............#####.....#####.#
#............##h..'##'##....##.
##...........#♣Z♣..##.##..♣.>#.
###.........##h..##...##...###
#.#........[)######.♣.######
##...........[.....#...#
#.......#..#.......##<###
##...............##.###.##
##...###................#
#...##............#...###
##.###.............#.##


You could see a spectral wolf and 2 wolves.

Vanquished Creatures
  A hornet (D:7)
  A wraith (D:5)
  Eustachio (D:3)
  2 steam dragons
  3 water moccasins
  2 orc warriors
  2 ogres
  2 ice beasts (D:6)
  2 wolves
  2 kobold brigands
  3 bullfrogs
  A gnoll sergeant (D:9)
  A scorpion (D:4)
  9 wights
  3 killer bees (D:7)
  A wolf zombie (D:8)
  A bullfrog zombie (D:6)
  4 jellies
  A bombardier beetle (D:5)
  4 orc priests
  A sleepcap (D:5)
  5 iguanas
  5 orc wizards
  A killer bee zombie (D:7)
  An ice beast zombie (D:6)
  A steam dragon zombie (D:7)
  14 adders
  6 gnolls
  A shadow imp (D:6)
  4 white imps
  5 ufetubi (D:6)
  4 orc zombies
  An adder zombie (D:6)
  3 dart slugs
  28 orcs
  7 endoplasms
  5 giant cockroaches
  8 goblins
  6 hobgoblins
  8 jackals
  A quokka (D:3)
  2 ball pythons
  4 bats
  A frilled lizard (D:3)
  A gnoll zombie (D:6)
  11 kobolds
  A kobold zombie (D:8)
  7 rats
188 creatures vanquished.

Notes
Turn   | Place    | Note
-------+----------+-------------------------------------------
     0 | D:1      | Marvel the Gargoyle Fighter began the quest for the Orb.
     0 | D:1      | Reached XP level 1. HP: 14/14 MP: 1/1
     3 | D:1      | Noticed an electric eel
     4 | D:1      | Noticed an electric eel
   338 | D:1      | Reached XP level 2. HP: 19/19 MP: 2/2
  1045 | D:2      | Reached XP level 3. HP: 20/23 MP: 3/3
  1654 | D:2      | Reached XP level 4. HP: 29/29 MP: 4/4
  1676 | D:2      | Reached skill level 3 in Maces & Flails
  2235 | D:3      | Found a faded altar of an unknown god.
  2254 | D:3      | Reached XP level 5. HP: 33/33 MP: 5/5
  3103 | D:4      | Found Jikel's Weapon Shoppe.
  3108 | D:4      | Found Gaxyih's Weapon Shoppe.
  3154 | D:4      | Found Torchiz's Antique Weapon Shoppe.
  3154 | D:4      | Found Bibi's Weapon Shoppe.
  3306 | D:4      | Reached XP level 6. HP: 33/38 MP: 6/6
  3420 | D:4      | Noticed Eustachio
  3480 | D:3      | Killed Eustachio
  3481 | D:3      | Reached skill level 4 in Maces & Flails
  3481 | D:3      | Reached skill level 5 in Armour
  3507 | D:4      | Reached XP level 7. HP: 35/44 MP: 7/7
  3799 | D:4      | Identified the +9 trident of Roofito {spect, rCorr Int+6
                  | Dex+5}
  3946 | D:5      | Entered Level 5 of the Dungeon
  4136 | D:5      | Noticed a steam dragon
  4148 | D:5      | HP: 2/44 [steam dragon/ball of steam (9)]
  4151 | D:5      | Killed a steam dragon
  4152 | D:5      | Reached skill level 5 in Maces & Flails
  4328 | D:5      | Reached skill level 1 in Throwing
  4436 | D:5      | Reached XP level 8. HP: 48/48 MP: 8/8
  4521 | D:5      | Noticed a wraith
  4538 | D:5      | HP: 1/48 [wraith (11)]
  4547 | D:5      | Killed a wraith
  4548 | D:5      | Reached skill level 5 in Fighting
  4548 | D:5      | Reached skill level 6 in Maces & Flails
  4739 | D:5      | Noticed a +0 spear
  4740 | D:5      | Noticed a +0 falchion
  4740 | D:5      | Noticed a +0 dagger
  4741 | D:5      | Noticed a +0 falchion
  4742 | D:5      | Noticed a +0 spear
  4743 | D:5      | Noticed a +0 short sword
  4744 | D:5      | Noticed a +0 short sword
  4745 | D:5      | Noticed a +0 dagger
  4749 | D:5      | Found a hide-covered altar of Uskayaw.
  5010 | D:3      | Prayed at the altar of an unknown god.
  5010 | D:3      | Became a worshipper of Kikubaaqudgha
  5010 | D:3      | Reached * piety under Kikubaaqudgha
  5010 | D:3      | Received a gift from Kikubaaqudgha
  5065 | D:5      | Fell from the grace of Kikubaaqudgha
  5065 | D:5      | Became a worshipper of Uskayaw the Reveller
  5091 | D:6      | Noticed a komodo dragon
  5092 | D:6      | Noticed nitefall's ghost (novice MiBe)
  5124 | D:6      | Reached * piety under Uskayaw
  5171 | D:6      | Reached ** piety under Uskayaw
  5296 | D:6      | Reached *** piety under Uskayaw
  5298 | D:6      | Reached **** piety under Uskayaw
  5303 | D:6      | Reached ***** piety under Uskayaw
  5391 | D:6      | Reached skill level 5 in Shields
  5410 | D:6      | Gained mutation: You are vulnerable to cold. (rC-) [potion
                  | of mutation]
  5574 | D:6      | Found a runed translucent gate.
  5665 | D:6      | Reached skill level 7 in Maces & Flails
  5730 | D:6      | Lost mutation: You are vulnerable to cold. (rC-) [potion of
                  | mutation]
  5730 | D:6      | Gained mutation: You have a pair of small antennae on your
                  | head. [potion of mutation]
  5730 | D:6      | Gained mutation: You possess an exceptional clarity of
                  | mind. [potion of mutation]
  5787 | D:6      | Reached XP level 9. HP: 13/55 MP: 9/9
  5851 | D:6      | Found a runed translucent gate.
  6047 | D:6      | Found Feuhikk's Assorted Antiques.
  6057 | D:6      | Bought a scroll of enchant weapon for 187 gold pieces
  6057 | D:6      | Bought a scroll labelled DOOTUUZEAC for 25 gold pieces
  6093 | D:6      | Found a runed translucent gate.
  6672 | D:5      | HP: 1/56 [orc warrior/+0 glaive (8)]
  7040 | D:6      | Reached skill level 8 in Maces & Flails
  7485 | D:7      | Noticed a hornet
  7504 | D:7      | Killed a hornet
  7822 | D:7      | Reached skill level 9 in Maces & Flails
  7917 | D:7      | Found a staircase to the Ecumenical Temple.
  8120 | D:8      | Noticed Erica
  8259 | D:7      | Reached XP level 10. HP: 59/63 MP: 10/10
  8415 | D:8      | Found a bloodstained altar of Trog.
  8906 | D:8      | Identified the +3 robe "Uxokky" {Will- Str+4 Int+2 Stlth+}
  9082 | D:8      | Noticed Grum
  9095 | D:7      | HP: 3/67 [wolf[Grum] (3)]
  9098 | D:7      | Slain by a spectral wolf

Illustrated notes

Levels and vault maps discovered:
D:1:      arrival_aquarium_b, layout_loops_corners
D:2:      layout_basic, amcnicky_mini_pool_small
D:3:      layout_basic, chequers_ecumenical_altar_simple_redux,
          kennysheep_potato
D:4:      layout_loops_ring, minmay_shop_grid_forest,
          chequers_serial_rivers_micro_b, uniq_eustachio
D:5:      layout_rooms, nicolae_uskayaw_en_pointe, minmay_checkerbox
D:6:      cheibrodos_barr_body, layout_cave_pods, serial_shops,
          nicolae_shop_tiny_waterfront, gammafunk_ghost_split
D:7:      layout_cave_pools, minmay_temple_entry_proselytizer,
          grunt_ministairs_4
D:8:      layout_cave_pools, trog_hazing_becter, uniq_erica, uniq_grum
D:9:      layout_rooms, lemuel_coloured_pillars_altar,
          chequers_temple_overflow_statue_of_worship, serial_undead,
          serial_undead_c, serial_undead_e, serial_undead_a, serial_undead_d

Skill      XL: |  1  2  3  4  5  6  7  8  9 |
---------------+----------------------------+-----
Maces & Flails | 3 4 5 7 9 |  9.4
Armour         | 4 5 6 7 8 |  8.8
Fighting       | 4 5 7 |  7.4
Shields        | 4 5 6 |  6.4
Throwing       | 1 |  1.8
Axes           | |  0.4
Dodging        | |  0.2

Action                     |  1- 3 |  4- 6 |  7- 9 | 10-12 || total
---------------------------+-------+-------+-------+-------++-------
  Melee: Flail             |   143 |    89 |   325 |    39 ||   596
         Hand axe          |       |    48 |    16 |       ||    64
         Mace              |       |       |   158 |    76 ||   234
  Throw: Dart              |       |     4 |     6 |     2 ||    12
    Use: Scroll            |       |     2 |    22 |     4 ||    28
         Potion            |       |       |    16 |     1 ||    17
   Stab: Paralysed         |       |       |    10 |     3 ||    13
 Armour: Scale mail        |   104 |    73 |   346 |       ||   523
         Plate armour      |       |       |   101 |   136 ||   237
         Skin              |       |       |    10 |    16 ||    26
  Dodge: Dodged            |    68 |    47 |   213 |    58 ||   386
  Block: Buckler           |    31 |    23 |   128 |    54 ||   236
